 Dungeon Crawl Stone Soup version 0.21.1-1-g345015f (webtiles) character file.

82 Fortress the Conjurer (level 4, -6/30 HPs)
             Began as a Human Conjurer on June 16, 2018.
             Mangled by Sigmund
             ... wielding a +0 scythe
              (8 damage)
             ... on level 2 of the Dungeon.
             The game lasted 00:15:22 (2487 turns).

Fortress the Conjurer (Human Conjurer)              Turns: 2487, Time: 00:15:22

Health: -6/30      AC:  3    Str:  9    XL:     4   Next: 70%
Magic:  0/8        EV: 12    Int: 16    God:
Gold:   98         SH:  0    Dex: 13    Spells: 5/8 levels left

rFire    . . .     SeeInvis .   s - +1 hunting sling (flame)
rCold    . . .     Gourm    .   (no shield)
rNeg     . . .     Faith    .   a - +0 robe
rPois    .         Spirit   .   f - +0 helmet
rElec    .         Reflect  .   (no cloak)
rCorr    .         Harm     .   (no gloves)
MR       .....                  (no boots)
Stlth    ++........             (no amulet)
HPRegen  0.10/turn              (no ring)
MPRegen  0.11/turn              (no ring)

@: no status effects
A: no striking features
a: no special abilities


You were on level 2 of the Dungeon.
You were not hungry.

You visited 1 branch of the dungeon, and saw 3 of its levels.

You collected 98 gold pieces.

Inventory:

Hand Weapons
 d - a +0 hand axe
 l - a +0 short sword
 s - a +1 hunting sling of flaming (weapon)
Missiles
 e - 122 stones (quivered)
 m - 17 poisoned needles
 v - 25 bolts
 x - 8 arrows
Armour
 a - a +0 robe (worn)
 f - a +0 helmet (worn)
Jewellery
 g - an uncursed ring of positive energy {unknown}
 w - an uncursed amulet of guardian spirit {unknown}
Scrolls
 h - a scroll of enchant armour {unknown}
 k - a scroll of random uselessness {unknown}
 n - 3 scrolls of identify {unknown}
 o - 2 scrolls of teleportation {unknown}
 C - a scroll of fog {unknown}
Potions
 i - a potion of resistance {unknown}
 j - a potion of lignification {unknown}
 p - 2 potions of degeneration {unknown}
 q - a potion of curing {unknown}
 r - a potion of agility {unknown}
 t - a potion of might {unknown}
 u - a potion of flight {unknown}
 z - a potion of brilliance {unknown}
 A - a potion of mutation {unknown}
 B - a potion of heal wounds {unknown}
Books
 b - a book of Conjurations

   Spells                             Type                      Level
   a - Magic Dart                     Conjuration                  1
   b - Searing Ray                    Conjuration                  2
   c - Dazzling Spray                 Conjuration/Hexes            3
   d - Fulminant Prism                Conjuration/Hexes            4
   e - Force Lance                    Conjuration/Translocation    4
   f - Iskenderun's Mystic Blast      Conjuration                  4
 y - a book of Cantrips

   Spells                             Type                      Level
   a - Confusing Touch                Hexes                        1
   b - Animate Skeleton               Necromancy                   1
   c - Summon Small Mammal            Summoning                    1
   d - Apportation                    Translocation                1
Comestibles
 c - 7 rations


   Skills:
 + Level 0.1 Fighting
 + Level 0.2 Short Blades
 + Level 0.8 Axes
 + Level 0.1 Slings
 + Level 2.2 Dodging
 + Level 2.2 Stealth
 + Level 2.7 Spellcasting
 + Level 4.8 Conjurations


You had 5 spell levels left.
You knew the following spells:

 Your Spells              Type           Power        Failure   Level  Hunger
a - Magic Dart            Conj           ###.         2%          1    #......
b - Searing Ray           Conj           ###...       3%          2    ##.....


Dungeon Overview and Level Annotations

Branches:
Dungeon (3/15)

Altars:
Nemelex Xobeh
The Shining One

Annotations:
D:2 Sigmund


Message History

Aiming: Searing Ray
Press: ? - help, Shift-Dir - straight line, f/p - Sigmund
Aim: Sigmund, wielding a scythe and wearing a robe (heavily wounded)
The searing ray hits Sigmund.
Sigmund is heavily wounded. (Press . to maintain the ray.) Sigmund hits you from afar with a scythe!
You barely miss Sigmund.
Sigmund is heavily wounded.
Sigmund gestures wildly while chanting.
Sigmund flickers and vanishes!
Deactivating autopickup; reactivate with Ctrl-A.
You hear some strange, mumbled words.
A puff of flame appears from out of thin air!
The puff of flame hits you!
* * * LOW HITPOINT WARNING * * *
You closely miss something. Something hits you!
* * * LOW HITPOINT WARNING * * *
Something hits you!
You die...

#........) #......#
#.##.###.# #..⌠.⌠.
#.##.# #.. #..._..
#.##.##### #..⌠.⌠#
#....#.... #....
######.### ###+#... #.#
# #)...{##+## #.###
#.....@>..####$####.#.#
#..(......<.....#.....#
#.........#######.#.#.#
#.........'...........#
#.........#############
######....# . #.#######
. #........ #########


There were no monsters in sight!

Vanquished Creatures
  An adder (D:2)
  An ooze (D:2)
  2 worms (D:2)
  4 dart slugs
  A leopard gecko (D:2)
  7 bats
  5 giant cockroaches
  4 goblins
  5 hobgoblins
  6 jackals
  8 kobolds
  A ball python (D:2)
  4 frilled lizards
  3 rats
52 creatures vanquished.

Notes
Turn   | Place    | Note
-------+----------+-------------------------------------------
     0 | D:1      | Fortress the Human Conjurer began the quest for the Orb.
     0 | D:1      | Reached XP level 1. HP: 13/13 MP: 3/3
   446 | D:1      | Reached XP level 2. HP: 19/19 MP: 1/5
   826 | D:1      | Reached XP level 3. HP: 24/24 MP: 0/6
  1425 | D:2      | Learned a level 2 spell: Searing Ray
  1620 | D:2      | Reached XP level 4. HP: 22/30 MP: 0/7
  2167 | D:2      | Found a glowing golden altar of the Shining One.
  2474 | D:2      | Found a sparkling altar of Nemelex Xobeh.
  2475 | D:2      | Noticed Sigmund
  2487 | D:2      | Mangled by Sigmund

Action                   |  1- 3 |  4- 6 || total
-------------------------+-------+-------++-------
Melee: Hand axe          |     4 |       ||     4
       Short sword       |    46 |    13 ||    59
       Hunting sling     |       |     3 ||     3
 Fire: Hunting sling     |       |     8 ||     8
 Cast: Magic Dart        |    62 |    35 ||    97
       Searing Ray       |     1 |     4 ||     5
  Eat: Ration            |     1 |     1 ||     2
       Chunk             |     1 |       ||     1
Armor: Robe              |    14 |     7 ||    21
Dodge: Dodged            |    46 |    18 ||    64
